 Dungeon Crawl Stone Soup version 0.22-a0-558-gc224181 (webtiles) character file.

61 inc the Skirmisher (level 4, 0/50 HPs)
             Began as an Ogre Arcane Marksman on June 27, 2018.
             Succumbed to an adder's poison
             ... on level 2 of the Dungeon.
             The game lasted 00:03:18 (2019 turns).

inc the Skirmisher (Ogre Arcane Marksman)           Turns: 2019, Time: 00:03:18

Health: 0/50       AC:  3    Str: 15    XL:     4   Next: 7%
Magic:  5/5        EV: 15    Int: 14    God:
Gold:   86         SH:  0    Dex: 14    Spells: 4/5 levels left

rFire    . . .     SeeInvis .   e - +0 mace
rCold    . . .     Gourm    .   (no shield)
rNeg     . . .     Faith    .   a - +0 robe
rPois    .         Spirit   .   (helmet restricted)
rElec    .         Reflect  .   (no cloak)
rCorr    .         Harm     .   (gloves unavailable)
MR       .....                  (boots unavailable)
Stlth    ++........             (no amulet)
HPRegen  0.16/turn              (no ring)
MPRegen  0.09/turn              (no ring)

@: agile, lethally poisoned (0 -> -2), flying
A: large, unfitting armour, tough skin 1
a: no special abilities


You were on level 2 of the Dungeon.
You were near starving.

You visited 1 branch of the dungeon, and saw 2 of its levels.

You collected 86 gold pieces.

Inventory:

Hand Weapons
 e - a +0 mace (weapon)
Missiles
 d - a throwing net (quivered)
Armour
 a - a +0 robe (worn)
Scrolls
 g - a scroll of remove curse {unknown}
 h - 4 scrolls of identify {unknown}
 i - a scroll of fear {unknown}
Potions
 b - a potion of agility
Comestibles
 f - a ration


   Skills:
 + Level 5.1 Fighting
 - Level 2.0 Throwing
 - Level 1.7 Dodging
 - Level 1.2 Spellcasting
 - Level 2.6 Hexes


You had 4 spell levels left.
You knew the following spells:

 Your Spells              Type           Power        Failure   Level  Hunger
a - Corona                Hex            #......      9%          1    ##.....

Your spell library contained the following spells:

 Spells                   Type           Power        Failure   Level  Hunger
 Cause Fear               Hex            #.........   65%         4    #####..
 Slow                     Hex            #.......     13%         2    ###....
 Portal Projectile        Hex/Tloc       #.....       41%         3    ####...
 Leda's Liquefaction      Hex/Erth       #.........   83%         4    #####..
 Inner Flame              Hex/Fire       #.......     41%         3    ####...


Dungeon Overview and Level Annotations

Branches:
Dungeon (2/15)

Altars:
Cheibriados


Innate Abilities, Weirdness & Mutations

You are too large for most types of armour.
You have tough skin. (AC +1)


Message History

You feel agile all of a sudden.
* * * LOW HITPOINT WARNING * * *
You feel sick. The adder misses you.
It was a potion of flight.
You feel very buoyant.
You fly up into the air.
* * * LOW HITPOINT WARNING * * *
You feel sick. The adder completely misses you. The adder misses you.
You hit the adder.
You kill the adder!
Your Fighting skill increases to level 5!
You have reached level 4!
The kobold throws a stone.
The stone hits you but does no damage.
The kobold throws a stone.
The stone barely misses you.
Unknown command.
* * * LOW HITPOINT WARNING * * *
You feel sick.
The kobold throws a stone.
The stone hits you but does no damage.
You see here a stone.
You die...

#.####..####.#.###.#
#.####.............#
#<#................#
###>#.##<..###>#.#####
#........#.....#<#
..........##...#####.#
..###.#.#####.## #
#.#.#####.# .###
#.....@.#
.....##.###(#######.
.....K..# #.........
#(###.######## #(b†K.#
#######


You could see a kobold.

Vanquished Creatures
  A gnoll (D:2)
  An adder (D:2)
  An ooze (D:1)
  A worm (D:2)
  A dart slug (D:2)
  3 bats
  A giant cockroach (D:1)
  4 hobgoblins
  2 jackals (D:2)
  3 kobolds
  2 frilled lizards (D:1)
  8 goblins
  5 rats
33 creatures vanquished.

Notes
Turn   | Place    | Note
-------+----------+-------------------------------------------
     0 | D:1      | inc the Ogre Arcane Marksman began the quest for the Orb.
     0 | D:1      | Reached XP level 1. HP: 19/19 MP: 2/2
    54 | D:1      | Reached skill level 2 in Fighting
   118 | D:1      | Reached XP level 2. HP: 29/29 MP: 3/3
   353 | D:1      | Reached skill level 3 in Fighting
   733 | D:1      | Reached XP level 3. HP: 30/39 MP: 4/4
  1053 | D:2      | Reached skill level 4 in Fighting
  1142 | D:2      | Found a snail-covered altar of Cheibriados.
  2013 | D:2      | HP: 2/41 [poisoned by an adder]
  2015 | D:2      | Reached skill level 5 in Fighting
  2015 | D:2      | Reached XP level 4. HP: 2/50 MP: 5/5
  2019 | D:2      | Succumbed to an adder's poison

Vault maps used:
D:1:      lemuel_arrival_cross
D:2:      nicolae_overflow_hidden_temple, nicolae_overflow_crystal_walls,
          kennysheep_slug_shrine, kennysheep_generic_room_15, uniq_terence

Skill      XL: |  1  2  3 |
---------------+----------+-----
Fighting       | 2 3 5 |  5.1
Throwing       | |  2.0
Dodging        | |  1.7
Spellcasting   | |  1.2
Hexes          | |  2.6

Action                   |  1- 3 |  4- 6 || total
-------------------------+-------+-------++-------
Melee: Unarmed           |     8 |       ||     8
       Mace              |   119 |       ||   119
Throw: Large rock        |    10 |       ||    10
       Throwing net      |     1 |       ||     1
 Cast: Corona            |     2 |       ||     2
  Use: Potion            |     2 |       ||     2
  Eat: Chunk             |     2 |       ||     2
Armor: Robe              |    45 |       ||    45
Dodge: Dodged            |    97 |     1 ||    98

Table legend:
 A = Spawn XP
 B = Non-spawn XP
 C = Spawn XP percentage of total XP
 D = Spawn monster count
 E = Non-spawn monster count
 F = Spawn count percentage of total count
 G = Total turns spent on level
                    A         B        C        D         E        F      G
               +---------+---------+-------+---------+---------+-------+---------
         Total |       0 |      88 |   0.0 |       0 |      33 |   0.0 |  2019
               +---------+---------+-------+---------+---------+-------+---------
           D:1 |       0 |      35 |   0.0 |       0 |      18 |   0.0 |  1309
           D:2 |       0 |      53 |   0.0 |       0 |      15 |   0.0 |   710
               +---------+---------+-------+---------+---------+-------+---------
